 Dungeon Crawl Stone Soup version 0.19.1-1-g22dce08 (webtiles) character file.

331 Kook the Skirmisher (level 6, 0/56 HPs)
             Began as a Draconian Fighter on Jan 15, 2017.
             Slain by Eustachio
             ... wielding a +5 rapier of speed
              (10 damage)
             ... on level 4 of the Dungeon.
             The game lasted 00:16:42 (4046 turns).

Kook the Skirmisher (Draconian Fighter)             Turns: 4046, Time: 00:16:43

Health: 0/56       AC:  7    Str: 18    XL:     6   Next: 26%
Magic:  6/6        EV: 11    Int:  8    God:
Gold:   230        SH:  9    Dex: 13    Spells: 0 memorised, 5 levels left

rFire  . . .     SeeInvis .     a - +0 long sword
rCold  . . .     Gourm    .     (armour unavailable)
rNeg   . . .     Faith    .     b - +0 shield
rPois  .         Spirit   .     (helmet restricted)
rElec  .         Reflect  .     (no cloak)
rCorr  .         Harm     .     k - +0 pair of gloves
MR     .....                    (no boots)
Stlth  +.........               (no amulet)
                                (no ring)
                                (no ring)

@: no status effects
A: unfitting armour, cold-blooded, AC +6
a: no special abilities


You were on level 4 of the Dungeon.
You were not hungry.

You visited 1 branch of the dungeon, and saw 4 of its levels.

You collected 230 gold pieces.

Inventory:

Hand Weapons
 a - a +0 long sword (weapon)
Armour
 b - a +0 shield (worn)
 k - a +0 pair of gloves (worn)
Jewellery
 p - a +4 ring of dexterity {unknown}
 t - a cursed -3 ring of protection {unknown}
Wands
 y - a wand of iceblast (10/15)
Scrolls
 f - 4 scrolls of fear {unknown}
 g - 6 scrolls of remove curse
 l - a scroll of enchant weapon {unknown}
 m - a scroll of amnesia {unknown}
 o - 3 scrolls of immolation {unknown}
 r - a scroll of magic mapping {unknown}
 x - 3 scrolls of identify
Potions
 c - a potion of might
 e - 2 potions of flight
 i - a potion of invisibility
 j - 2 potions of curing
 n - a potion of ambrosia {unknown}
 q - a potion of brilliance {unknown}
 u - a potion of cure mutation {unknown}
 w - a potion of berserk rage {unknown}
 A - a potion of heal wounds {unknown}
Comestibles
 d - 4 bread rations
 h - 2 beef jerkies
 s - a meat ration
 v - a royal jelly
 z - 10 chunks of flesh


   Skills:
 * Level 5.4 Fighting
 * Level 4.4 Long Blades
 - Level 2.6 Dodging
 + Level 4.2 Shields


You had 5 spell levels left.
You didn't know any spells.

Dungeon Overview and Level Annotations

Branches:
Dungeon (4/15)
 Temple: D:4-7

Altars:
Hepliaklqana
Vehumet
Xom

Annotations:
D:4 Eustachio; Letos's ghost, novice GrIE


Innate Abilities, Weirdness & Mutations

Your plain brown scales are hard. (AC +6)
You cannot fit into any form of body armour.
You are cold-blooded and may be slowed by cold attacks.


Message History

Eustachio hits you with a rapier of speed.
Letos's ghost barely misses you.
You barely miss Eustachio. You tail-slap Eustachio.
Eustachio is heavily wounded.
You block Eustachio's attack.
Letos's ghost hits you but does no damage.
You hit Eustachio but do no damage.
Your tail-slap misses Eustachio.
Eustachio is heavily wounded.
Eustachio hits you with a rapier of speed.
You block Letos's ghost's attack. You block Eustachio's attack.
You hit Eustachio.
Eustachio is heavily wounded.
Letos's ghost hits you!
Eustachio hits you with a rapier of speed!
* * * LOW HITPOINT WARNING * * *
You miss Eustachio.
Eustachio is heavily wounded.
Letos's ghost hits you but does no damage.
Eustachio hits you with a rapier of speed!
You die...

################ ...
....rb@@W......# ..#
##############.# [.#
###.# #.# ##########...#
#.##########....W.......#
#.#).(()(.....#..8..#...#
#.#)#######...##..(##...#
#.#(# ##..#######...#
...(# #..# #...#


You could see Eustachio, Letos's ghost, a bat and a rat.

Vanquished Creatures
  An orc priest (D:4)
  Ijyb (D:1)
  Natasha (thrice) (D:2)
  2 orc wizards
  Robin (D:2)
  4 adders
  An ooze (D:2)
  A worm (D:2)
  A dart slug (D:2)
  A leopard gecko (D:2)
  13 orcs
  2 giant cockroaches
  16 goblins
  14 hobgoblins
  3 quokkas
  4 bats (D:2)
  4 frilled lizards
  2 kobolds (D:2)
  9 rats
83 creatures vanquished.

Vanquished Creatures (others)
  A worm (D:3)
  An orc (D:3)
  A quokka (D:3)
3 creatures vanquished.

Grand Total: 86 creatures vanquished

Notes
Turn   | Place    | Note
-------+----------+-------------------------------------------
     0 | D:1      | Kook the Draconian Fighter began the quest for the Orb.
     0 | D:1      | Reached XP level 1. HP: 19/19 MP: 1/1
   833 | D:2      | Reached XP level 2. HP: 22/26 MP: 2/2
  1053 | D:2      | Noticed Natasha
  1068 | D:2      | Killed Natasha
  1068 | D:2      | Reached skill level 4 in Fighting
  1068 | D:2      | Reached XP level 3. HP: 14/33 MP: 3/3
  1074 | D:2      | Noticed Robin
  1610 | D:2      | Killed Robin
  1610 | D:2      | Reached XP level 4. HP: 28/40 MP: 4/4
  1694 | D:2      | Noticed Ijyb
  1974 | D:2      | Noticed Natasha
  1991 | D:2      | Killed Natasha
  2084 | D:2      | Noticed Natasha
  2113 | D:1      | Killed Ijyb
  2113 | D:1      | Reached XP level 5. HP: 43/47 MP: 5/5
  2155 | D:2      | Killed Natasha
  2649 | D:2      | Reached skill level 5 in Fighting
  2955 | D:3      | Found a radiant altar of Vehumet.
  2983 | D:3      | Reached XP level 6. HP: 56/56 MP: 6/6
  3253 | D:3      | Found a hazy altar of Hepliaklqana.
  3254 | D:3      | Found a shimmering altar of Xom.
  3254 | D:3      | Noticed a wyvern
  3255 | D:3      | Noticed a spectral ugly thing
  3255 | D:3      | Noticed a wyvern
  4004 | D:4      | Noticed Letos's ghost (novice GrIE)
  4027 | D:4      | Noticed Eustachio
  4046 | D:4      | Slain by Eustachio

Skill      XL: |  1  2  3  4  5 |
---------------+----------------+-----
Fighting       | 4 5 |  5.4
Long Blades    | 3 4 |  4.4
Shields        | 4 |  4.2
Dodging        | |  2.6

Action                   |  1- 3 |  4- 6 || total
-------------------------+-------+-------++-------
Melee: Long sword        |    77 |   206 ||   283
       Tailslap          |    11 |    23 ||    34
  Use: Scroll            |       |     4 ||     4
 Stab: Distracted        |       |     1 ||     1
  Eat: Chunk             |     2 |     8 ||    10
Armor: Skin              |    25 |    47 ||    72
Dodge: Dodged            |    35 |    68 ||   103
Block: Shield            |    37 |    91 ||   128
       Rpst.: Long sword |    10 |    16 ||    26
